 Dungeon Crawl Stone Soup version 0.27.1-4-g1640c2035a (webtiles) character file.

Game seed: 1082783930345183832

63 adizb the Skirmisher (level 3, -4/33 HPs)
             Began as a Minotaur Fighter on Nov 15, 2021.
             Slain by a gnoll (6 damage)
             ... on level 2 of the Dungeon.
             The game lasted 00:05:01 (776 turns).

adizb the Skirmisher (Minotaur Fighter)              Turns: 776, Time: 00:05:01

Health: -4/33      AC:  7    Str: 20    XL:     3   Next: 87%
Magic:  2/2        EV: 10    Int:  5    God:
Gold:   35         SH:  0    Dex: 16    Spells: 2/2 levels left

rFire    . . .     SeeInvis .   a - +0 long sword
rCold    . . .     Faith    .   (no shield)
rNeg     . . .     Spirit   .   b - +0 scale mail
rPois    .         Reflect  .   (helmet restricted)
rElec    .         Harm     .   (no cloak)
rCorr    .         Rampage  .   (no gloves)
Will     .....                  (no boots)
Stlth    ..........             (no amulet)
HPRegen  0.11/turn              m - +6 ring of dexterity
MPRegen  0.08/turn              (no ring)

@: no status effects
A: horns 2, retaliatory headbutt
a: no special abilities


You were on level 2 of the Dungeon.
You visited 1 branch of the dungeon, and saw 2 of its levels.

You collected 35 gold pieces.

Inventory:

Hand Weapons
 a - a +0 long sword (weapon)
Armour
 b - a +0 scale mail (worn)
Jewellery
 m - a +6 ring of dexterity (left hand)
Scrolls
 c - a scroll of silence {unknown}
 e - a scroll of vulnerability {unknown}
 f - a scroll of immolation {unknown}
 g - 2 scrolls of noise {unknown}
 h - a scroll of torment {unknown}
Potions
 d - a potion of might
 i - a potion of resistance {unknown}
 j - a potion of flight {unknown}
 k - a potion of ambrosia {unknown}
 l - a potion of curing {unknown}


   Skills:
 + Level 4.1 Fighting
 * Level 3.7 Long Blades
 + Level 4.1 Armour
 + Level 1.4 Dodging
 - Level 3.6 Shields


You had 2 spell levels left.
You didn't know any spells.
Your spell library contained the following spells:

 Spells                   Type           Power      Damage    Failure   Level
 Passage of Golubria      Tloc           N/A        N/A       100%        4
 Silence                  Hex/Air        0%         N/A       100%        5
 Lehudib's Crystal Spear  Conj/Erth      0%         10d2      100%        8


Dungeon Overview and Level Annotations

Branches:
Dungeon (2/15)

Altars:

Shops:
D:1 *


Innate Abilities, Weirdness & Mutations

You have a pair of horns on your head.
You reflexively headbutt those who attack you in melee.


Message History

The gnoll hits you but does no damage.
You slash the gnoll!
The gnoll is severely wounded.
The gnoll hits you with a +0 spear. The adder bites you but does no damage.
The gnoll hits you but does no damage.
You barely miss the gnoll. You headbutt the gnoll.
The gnoll is almost dead.
The adder bites you but does no damage. x2
The gnoll hits you but does no damage.
You barely miss the gnoll. Your headbutt misses the gnoll.
The gnoll is almost dead.
The adder bites you but does no damage. The gnoll hits you with a +0 spear.
You are too injured to fight recklessly!
You are too injured to fight recklessly!
You closely miss the adder. The adder closely misses you.
The gnoll hits you with a +0 spear. The adder bites you.
You are poisoned.
The adder poisons you!
You feel sick. The gnoll closely misses you.
There is an open door here.
You feel sick. The adder bites you but does no damage.
You barely miss the adder.
You feel sick.
You are no longer poisoned.
The adder barely misses you.
You closely miss the adder. The adder closely misses you.
You furiously retaliate!
You headbutt the adder!
You kill the adder!
The gnoll hits you from afar with a +0 spear.
* * * LOW HITPOINT WARNING * * *
There is an open door here.
Things that are here:
a bat corpse; a rat corpse
Okay, then.
Things that are here:
a +0 dagger; a kobold corpse
There is an open door here.
As you close the door, it creaks loudly!
A gnoll opens the door.
It is wielding a +0 spear.
The gnoll hits you from afar with a +0 spear.
You die...

+......†..##.........
##8..8##..##......... .
##)†##....#......... ..
#..##....#......... ...
#..#######......... ....
#..##...##......... .....
#..##.#..#.########
......#g###...........####
.........@................
...........#..............
...........#....>.....)<..
...........#..............
######....................
#.............##.....
...............# .....
##...##........# .....


You could see a gnoll.

Vanquished Creatures
  2 adders (D:2)
  2 worms (D:2)
  2 dart slugs (D:1)
  2 ball pythons
  4 bats
  4 endoplasms (D:1)
  2 giant cockroaches (D:1)
  5 hobgoblins
  A quokka (D:1)
  2 frilled lizards (D:1)
  4 kobolds
  7 rats
37 creatures vanquished.

Notes
Turn   | Place    | Note
-------+----------+-------------------------------------------
     0 | D:1      | adizb the Minotaur Fighter began the quest for the Orb.
     0 | D:1      | Reached XP level 1. HP: 19/19 MP: 0/0
   119 | D:1      | Found Qaoghets's Assorted Antiques.
   164 | D:1      | Reached XP level 2. HP: 24/27 MP: 1/1
   322 | D:1      | Reached skill level 1 in Dodging
   530 | D:1      | Reached XP level 3. HP: 33/33 MP: 2/2
   673 | D:2      | Found a faded altar of an unknown god.
   762 | D:2      | HP: 1/33 [gnoll (6)]
   776 | D:2      | Slain by a gnoll

Illustrated notes

Levels and vault maps discovered:
D:1:      minmay_arrival_stair_chambers, layout_loops_ring, serial_shops, shop,
          minmay_misc_feat_chi, minmay_cupped
D:2:      minmay_chambers_of_twos, layout_basic,
          ebering_ecumenical_altar_sacrificial, chequers_jeans,
          serial_bayou_ford_a, chequers_serial_rivers_room_a,
          roderic_serpentine_path, amcnicky_mini_pool_small,
          hangedman_decor_points, hex_intersection

Skill      XL: |  1  2  3 |
---------------+----------+-----
Long Blades    | 3 |  3.7
Dodging        | 1 |  1.4
Fighting       | 4 |  4.1
Armour         | 4 |  4.1
Shields        | |  3.6

Action                   || total
-------------------------++-------
Melee: Long sword        ||    68
       Headbutt          ||     9
Armor: Scale mail        ||    32
Dodge: Dodged            ||    37
       Rpst.: Long sword ||     9
